 Dungeon Crawl Stone Soup version 0.31-a0-435-g2c6fae2916 (webtiles) character file.

Game seed: 16246290680465868485

1376 IdlyInterested the Grappler (level 8, 0/54 (58) HPs)
             Began as a Demonspawn Gladiator on July 27, 2023.
             Slain by a wight
             ... wielding a +4 falchion of freezing
              (15 damage)
             ... on level 5 of the Dungeon on Aug 1, 2023.
             The game lasted 00:15:52 (5474 turns).

IdlyInterested the Grappler (Demonspawn Gladiator)  Turns: 5474, Time: 00:15:53

HP:   0/54 (58)     AC:  7    Str: 16    XL:     8   Next: 39%
MP:   8/8           EV: 18    Int: 11    God:
Gold: 202           SH:  0    Dex: 14    Spells: 7/7 levels left

rFire   + .          .
                       - Unarmed
rCold   + . .        (no shield)
rNeg    . . .        J - +2 robe {rC+ rF+}
rPois   .            A - melded +0 helmet of Refuge {Will+ Dex+2}
rElec   .            K - melded +0 cloak of Gehenna {Dex+3}
rCorr   .            (gloves currently unavailable)
SInv    .            (boots currently unavailable)
Will    .....        (no amulet)
Stlth   +            m - +5 ring of evasion
HPRegen 0.29/turn    (no ring)
MPRegen 0.22/turn

%: no passive effects
@: beast-form, drained
A: beast (slay +2), claws 1, yellow scales 2, demonic guardian 1, magic
regeneration
a: Begin Untransformation


You were on level 5 of the Dungeon.
You were a hulking beast.
You visited 2 branches of the dungeon, and saw 7 of its levels.

You collected 202 gold pieces.

Inventory:

Hand Weapons
 a - a +0 rapier
 q - a +2 dagger of venom
 H - a +0 morningstar
Missiles
 c - 5 datura-tipped darts
 d - 2 throwing nets
 e - a javelin
 o - 12 poisoned darts
 r - 10 boomerangs
 t - 43 stones (quivered)
 F - 3 silver boomerangs
Armour
 b - a +0 chain mail
 A - the +0 helmet of Refuge (melded) {Will+ Dex+2}
   (You found it on level 5 of the Dungeon)

   Dex:       It affects your dexterity (+2).
   Will:      It increases your willpower.
 J - a +2 robe of resistance (worn)
 K - the +0 cloak of Gehenna (melded) {Dex+3}
   (You found it on level 5 of the Dungeon)

   Dex:       It affects your dexterity (+3).
Jewellery
 f - an amulet of faith
 m - a +5 ring of evasion (left claw)
Talismans
 k - a beast talisman (active)
 n - a blade talisman
 I - a serpent talisman
Wands
 u - a wand of light (13)
 z - a wand of paralysis (9)
Scrolls
 h - a scroll of silence {unknown}
 i - 3 scrolls of vulnerability {unknown}
 j - a scroll of torment {unknown}
 l - 5 scrolls of teleportation
 p - a scroll of noise {unknown}
 v - a scroll of fog {unknown}
 w - a scroll of poison {unknown}
 y - a scroll of fear {unknown}
 B - 2 scrolls of enchant weapon {unknown}
 C - a scroll of blinking {unknown}
 E - a scroll of immolation
Potions
 g - a potion of attraction
 s - 2 potions of enlightenment
 x - a potion of lignification
 D - a potion of curing


   Skills:
 - Level 3.0 Fighting
 - Level 3.0 Short Blades
 - Level 1.7 Throwing
 - Level 3.0 Dodging
 * Level 8.1 Unarmed Combat
 - Level 3.0 Shapeshifting


You had 7 spell levels left.
You didn't know any spells.
Your spell library contained the following spells:

 Spells                   Type           Power      Damage    Failure   Level
 Foxfire                  Conj/Fire      0%         2x1d4     34%         1
 Sting                    Tmut/Pois      0%         1d3       34%         1
 Poisonous Vapours        Pois/Air       0%         N/A       47%         2
 Portal Projectile        Hex/Tloc       0%         N/A       71%         3
 Tukima's Dance           Hex            0%         N/A       71%         3
 Iskenderun's Mystic Bla  Conj/Tloc      0%         2d3       98%         4
 Olgreb's Toxic Radiance  Pois           0%         N/A       98%         4
 Plasma Beam              Fire/Air       0%         2x1d10    100%        6
 Starburst                Conj/Fire      0%         6d3       100%        6


Dungeon Overview and Level Annotations

Branches:
Dungeon (6/15)             Temple (1/1) D:4

Altars:
Ashenzari
Fedhas
Gozag
Hepliaklqana
Kikubaaqudgha
Makhleb
Qazlal
Ru
Trog
Uskayaw
Wu Jian
Xom
Yredelemnul


Innate Abilities, Weirdness & Mutations

You are a hulking beast.
Your limbs bulge with bestial killing power. (Slay +2)
You have sharp fingernails.
You are mostly covered in yellow scales. (AC +3)
A weak demonic guardian rushes to your aid.
You regenerate magic rapidly.


Message History

Your Unarmed Combat skill increases to level 8!
You scratch the iguana.
The iguana is lightly wounded.
The iguana bites you!
You scratch the iguana.
The iguana is moderately wounded.
The iguana bites you but does no damage.
You scratch the iguana but do no damage.
The iguana is moderately wounded.
The iguana bites you!
* * * LOW HITPOINT WARNING * * *
You claw the iguana!
The iguana is almost dead.
The iguana barely misses you.
You feel better. The iguana bites you.
You completely miss the iguana.
The iguana is almost dead.
You claw the iguana!
You kill the iguana!
You scratch the wight.
The wight is heavily damaged.
The wight misses you.
Press: ? - help, v - describe, . - travel, g - get item
Here: a wight, wielding a +4 falchion of freezing and wearing a +0 robe (heavily damaged)
Items here: a +0 morningstar; a +0 robe.
The floor, spattered with blood.
You closely miss the wight.
The wight is heavily damaged.
The wight misses you.
You barely miss the wight.
The wight is heavily damaged.
The wight completely misses you.
You barely miss the wight. You claw the wight.
The wight is heavily damaged.
The wight hits you with a +4 falchion of freezing.
* * * LOW HITPOINT WARNING * * *
You scratch the wight. Your claw misses the wight.
The wight is almost destroyed.
The wight hits you with a +4 falchion of freezing!
You die...

#.# #.# #.# #.# #.######
#.# #####.##...# #.#
#......#...# #.##########
#......#...# #..........#
#.[...†#...# ##########.#
#......#...#######.....#.#
.......'........hz>###.#.#
#......#...###.###[# #.#.#
#......#...# #.###.###.#.#
#......##### #.#...#<..#.#
#......# #.#.#.#####.#
#......# #.#.........#
#.....## #.###.#######
#.##### #.# #.# #.# #.#
#.#


You could see a wight.

Vanquished Creatures
  Edmund (D:4)
  Duvessa (D:5)
  A black bear (D:5)
  Blork the orc (D:4)
  2 scorpions (D:5)
  3 wights (D:5)
  Dowan (D:5)
  2 howler monkeys
  5 hounds
  2 orc priests (D:5)
  Natasha (thrice) (D:3)
  5 iguanas
  2 orc wizards (D:5)
  7 adders
  2 white imps
  A worm (D:4)
  4 dart slugs
  8 orcs
  3 endoplasms
  2 giant cockroaches
  8 goblins
  8 hobgoblins
  5 ball pythons
  8 bats
  5 frilled lizards
  4 kobolds
  4 rats
98 creatures vanquished.

Notes
Turn   | Place    | Note
-------+----------+-------------------------------------------
     0 | D:1      | IdlyInterested the Demonspawn Gladiator began the quest for
                  | the Orb.
     0 | D:1      | Reached XP level 1. HP: 16/16 MP: 1/1
   334 | D:1      | Gained mutation: You have sharp fingernails. [demonic
                  | ancestry]
   334 | D:1      | Reached XP level 2. HP: 18/23 MP: 2/2
  1212 | D:2      | Reached skill level 1 in Unarmed Combat
  1212 | D:2      | Reached XP level 3. HP: 24/29 MP: 3/3
  1368 | D:2      | Gained mutation: You are partially covered in yellow
                  | scales. (AC +2) [demonic ancestry]
  1368 | D:2      | Reached XP level 4. HP: 33/35 MP: 4/4
  1427 | D:2      | Reached skill level 2 in Unarmed Combat
  2254 | D:3      | Noticed Natasha
  2264 | D:3      | Killed Natasha
  2265 | D:3      | Reached skill level 1 in Shapeshifting
  2529 | D:3      | Noticed Natasha
  2538 | D:3      | Killed Natasha
  2539 | D:3      | Reached skill level 3 in Unarmed Combat
  2539 | D:3      | Gained mutation: You are mostly covered in yellow scales.
                  | (AC +3) [demonic ancestry]
  2539 | D:3      | Reached XP level 5. HP: 41/41 MP: 5/5
  2808 | D:3      | Found a basalt altar of Yredelemnul.
  2888 | D:3      | Found a faded altar of an unknown god.
  2973 | D:3      | Noticed Natasha
  2979 | D:3      | Killed Natasha
  2992 | D:3      | Upgraded the game from 0.31-a0-365-gcf821cafb2 to
                  | 0.31-a0-435-g2c6fae2916
  3127 | D:4      | Noticed Edmund
  3147 | D:4      | Killed Edmund
  3148 | D:4      | Reached skill level 4 in Unarmed Combat
  3148 | D:4      | Gained mutation: You regenerate magic rapidly. [demonic
                  | ancestry]
  3148 | D:4      | Reached XP level 6. HP: 34/47 MP: 6/6
  3244 | D:4      | Found a staircase to the Ecumenical Temple.
  3247 | D:4      | Noticed Blork the orc
  3264 | D:4      | Killed Blork the orc
  3468 | Temple   | Entered the Ecumenical Temple
  4014 | D:4      | Found a hide-covered altar of Uskayaw.
  4260 | D:5      | Entered Level 5 of the Dungeon
  4357 | D:5      | Reached skill level 5 in Unarmed Combat
  4357 | D:5      | Gained mutation: A weak demonic guardian rushes to your
                  | aid. [demonic ancestry]
  4357 | D:5      | Reached XP level 7. HP: 52/52 MP: 7/7
  4478 | D:5      | You fall into a shaft and drop 1 floor!
  4624 | D:5      | Noticed Dowan
  4626 | D:5      | Noticed Duvessa
  4640 | D:5      | Reached skill level 6 in Unarmed Combat
  4650 | D:5      | Killed Duvessa
  4662 | D:5      | Killed Dowan
  4958 | D:5      | Reached XP level 8. HP: 58/58 MP: 8/8
  4979 | D:5      | Identified the +0 cloak of Gehenna {Dex+3}
  5033 | D:5      | Reached skill level 7 in Unarmed Combat
  5206 | D:5      | Identified the +0 helmet of Refuge {Will+ Dex+2}
  5463 | D:5      | Reached skill level 8 in Unarmed Combat
  5474 | D:5      | Slain by a wight

Illustrated notes

Levels and vault maps discovered:
D:1:      psy_arrival_radial02, layout_basic, serial_forest,
          infiniplex_forest_clump_medium, infiniplex_forest_end_double,
          infiniplex_forest_straight_2, infiniplex_forest_clump_tiny,
          infiniplex_forest_clump_cross, infiniplex_forest_clump_long,
          infiniplex_forest_zigzag_1
D:2:      layout_loops_corners, minmay_hexomino_c4
D:3:      layout_loops_corners, mainiacjoe_overflow_alcove_4,
          shapermc_ecumenical_altar_hornbeckon, uniq_natasha
D:4:      layout_layer_cave, mainiacjoe_overflow_alcove_2, temple_fountains,
          uniq_edmund, uniq_blork_the_orc
D:5:      layout_basic, kennysheep_generic_room_4, uniq_duvessa
D:6:      layout_cave_pools, mainiacjoe_overflow_boulevard, serial_shops,
          kennysheep_little_box
Temple:   dshaligram_water_room_temple

Skill      XL: |  1  2  3  4  5  6  7  8 |
---------------+-------------------------+-----
Short Blades   | 3 |  3.0
Fighting       | 3 |  3.0
Unarmed Combat | 1 3 4 5 6 8 |  8.1
Dodging        | 3 |  3.0
Shapeshifting  | 1 2 3 |  3.0
Throwing       | |  1.7

Action                     |  1- 3 |  4- 6 |  7- 9 || total
---------------------------+-------+-------+-------++-------
  Melee: Rapier            |    32 |       |       ||    32
         Dagger            |    45 |   132 |    95 ||   272
         Punch             |     1 |     4 |     4 ||     9
         Unarmed           |       |       |    39 ||    39
  Throw: Stone             |     5 |     4 |     1 ||    10
         Dart              |       |     5 |       ||     5
         Throwing net      |       |     1 |       ||     1
    Use: Scroll            |       |     3 |     3 ||     6
         Potion            |       |     2 |     2 ||     4
   Stab: Held in net/web   |       |     2 |       ||     2
         Sleeping          |       |     1 |       ||     1
 Armour: Leather armour    |    11 |       |       ||    11
         Ring mail         |    12 |    18 |       ||    30
         Chain mail        |       |     5 |       ||     5
         Robe              |       |     4 |    21 ||    25
  Dodge: Dodged            |    48 |    76 |   117 ||   241
   Form: Beast             |       |     2 |     3 ||     5
                           |       |     1 |     3 ||     4

Table legend: (Time is in decaauts)
 A = Elapsed time spent in this place.
 B = Non-inter-level travel time spent in this place.
 C = Inter-level travel time spent in this place.
 D = Time resting spent in this place.
 E = Time spent auto-exploring this place.
 F = Levels seen in this place.
 G = Mean time per level.
                   A        B        C        D        E       F      G
               +--------+--------+--------+--------+--------+-----+--------+
         Total |   5434 |   5047 |    387 |    459 |   3412 |   7 |  776.3 |
       Dungeon |   5432 |   5045 |    387 |    459 |   3412 |   6 |  905.3 |
        Temple |      1 |      1 |      0 |      0 |      0 |   1 |    1.0 |
               +--------+--------+--------+--------+--------+-----+--------+

Top non-repeatable levels by time:
     D:4: 1265 daAuts
     D:5: 1059 daAuts
     D:2: 1056 daAuts
     D:1: 1005 daAuts
     D:3: 965 daAuts
     D:6: 81 daAuts
  Temple: 1 daAuts
